 Dungeon Crawl Stone Soup version 0.30.0-30-g96aa6591b8 (webtiles) character file.

Game seed: 6363662994376884382

280 Fodor the Covered (level 6, -5/55 HPs)
             Began as a Minotaur Fighter on June 28, 2023.
             Slain by a gnoll
             ... wielding a +0 halberd
              (6 damage)
             ... on level 4 of the Dungeon.
             The game lasted 00:14:57 (2761 turns).

Fodor the Covered (Minotaur Fighter)                Turns: 2761, Time: 00:14:58

Health: -5/55      AC:  8    Str: 22    XL:     6   Next: 5%
Magic:  5/5        EV:  9    Int:  5    God:
Gold:   113        SH:  4    Dex: 10    Spells: 5/5 levels left

rFire   . . .        a - +0 long sword
rCold   . . .        c - +0 buckler
rNeg    . . .        b - +0 scale mail
rPois   .            (helmet restricted)
rElec   .            (no cloak)
rCorr   .            y - +0 pair of gloves
SInv    .            (no boots)
Will    .....        (no amulet) Stlth
                     (no ring)
HPRegen 0.29/turn    (no ring)
MPRegen 0.09/turn

%: no passive effects
@: lethally poisoned (-5 -> -11)
A: horns 2, retaliatory headbutt
a: no special abilities


You were on level 4 of the Dungeon.
You visited 1 branch of the dungeon, and saw 4 of its levels.

You collected 113 gold pieces.

Inventory:

Hand Weapons
 a - a +0 long sword (weapon)
Missiles
 e - 8 poisoned darts (quivered)
 x - 2 datura-tipped darts
 z - 3 boomerangs of dispersal
Armour
 b - a +0 scale mail (worn)
 c - a +0 buckler (worn)
 y - a +0 pair of gloves (worn)
Jewellery
 j - an amulet of the acrobat
 u - a ring of poison resistance
Scrolls
 f - 3 scrolls of fog {unknown}
 h - 2 scrolls of blinking {unknown}
 k - a scroll of noise {unknown}
 p - a scroll of torment {unknown}
 r - a scroll of silence {unknown}
 s - a scroll of vulnerability {unknown}
 t - a scroll of butterflies {unknown}
 v - a scroll of identify {unknown}
 w - a scroll of poison {unknown}
Potions
 d - a potion of might
 g - a potion of curing {unknown}
 i - a potion of attraction {unknown}
 l - a potion of degeneration {unknown}
 m - 2 potions of flight {unknown}
 n - a potion of heal wounds {unknown}
 o - 3 potions of lignification {unknown}
 q - a potion of haste {unknown}


   Skills:
 + Level 4.9 Fighting
 + Level 4.7 Long Blades
 + Level 5.1 Armour
 + Level 0.3 Dodging
 + Level 0.2 Stealth
 + Level 4.8 Shields


You had 5 spell levels left.
You didn't know any spells.
Your spell library contained the following spells:

 Spells                   Type           Power      Damage    Failure   Level
 Apportation              Tloc           0%         N/A       85%         1
 Foxfire                  Conj/Fire      0%         2x1d4     85%         1
 Ignite Poison            Fire/Tmut/Pois 0%         N/A       99%         3
 Sticky Flame             Conj/Fire      0%         2d3       100%        4
 Alistair's Intoxication  Tmut/Pois      0%         N/A       100%        5
 Fireball                 Conj/Fire      0%         3d3       100%        5
 Plasma Beam              Fire/Air       0%         2x1d11    100%        6
 Starburst                Conj/Fire      0%         6d3       100%        6
 Ignition                 Fire           0%         3d3       100%        8


Dungeon Overview and Level Annotations

Branches:
Dungeon (4/15)
 Temple: D:4-7

Altars:
Uskayaw

Shops:
D:2 :[


Innate Abilities, Weirdness & Mutations

You have a pair of horns on your head.
You reflexively headbutt those who attack you in melee.


Message History

You feel sick. The gnoll closely misses you.
The gnoll hits you but does no damage.
You are more poisoned.
You hit the gnoll.
You kill the gnoll!
You feel very sick.
The gnoll hits you from afar with a +0 spear of venom.
You are more poisoned.
You have reached level 6!
You feel very sick.
The gnoll hits you from afar with a +0 halberd.
You block the gnoll's attack.
You see here a +0 club.
You slash the gnoll! Your headbutt misses the gnoll.
The gnoll is heavily wounded.
You feel very sick.
The gnoll hits you from afar with a +0 halberd.
The gnoll hits you but does no damage.
You are lethally poisoned!
You slash the gnoll!
You kill the gnoll!
* * * LOW HITPOINT WARNING * * *
You feel very sick. The gnoll barely misses you.
* * * LOW HITPOINT WARNING * * *
You feel very sick. The gnoll hits you with a +0 halberd.
* * * LOW HITPOINT WARNING * * *
You see here a +0 spear of venom.
You hit the gnoll.
The gnoll is almost dead.
* * * LOW HITPOINT WARNING * * *
You feel very sick. The gnoll barely misses you. You block the gnoll's attack.
You barely miss the gnoll. Your headbutt misses the gnoll.
The gnoll is almost dead.
* * * LOW HITPOINT WARNING * * *
You feel very sick. The gnoll hits you with a +0 halberd.
You die...

.... .# . ##.###..#
.. ....##.##
#.##.#.##..#
#....#.....#
#...<...# #.###.#.#
#)# #...#########
#@# ##.†..#.....#
#<..g..##.##.......#
#......##..........#
#......#####.......#
........# ###.....#
###...>..# #.....#
#...>..# #.....#
#......# #.....#
#######


You could see a gnoll.

Vanquished Creatures
  Sigmund (D:2)
  3 adders
  4 gnolls
  A worm (D:2)
  An orc (D:3)
  2 ball pythons
  6 endoplasms
  7 goblins
  2 hobgoblins
  8 jackals (D:2)
  8 kobolds
  A quokka (D:1)
  3 frilled lizards
  4 rats
51 creatures vanquished.

Notes
Turn   | Place    | Note
-------+----------+-------------------------------------------
     0 | D:1      | Fodor the Minotaur Fighter began the quest for the Orb.
     0 | D:1      | Reached XP level 1. HP: 19/19 MP: 0/0
   235 | D:1      | Reached XP level 2. HP: 24/27 MP: 1/1
   796 | D:1      | Reached skill level 4 in Armour
   796 | D:1      | Reached XP level 3. HP: 31/33 MP: 2/2
  1226 | D:2      | Noticed Sigmund
  1237 | D:2      | Killed Sigmund
  1238 | D:2      | Reached XP level 4. HP: 26/41 MP: 3/3
  1238 | D:2      | Reached XP level 5. HP: 29/47 MP: 4/4
  1426 | D:2      | Reached skill level 5 in Armour
  1440 | D:2      | Found a faded altar of an unknown god.
  1462 | D:2      | Got Plato's Compilation of Displacement
  1473 | D:2      | Found Ucyel's Book Emporium.
  1853 | D:2      | Found Qitredys's Antique Armour Shop.
  2588 | D:3      | Found a hide-covered altar of Uskayaw.
  2756 | D:4      | Reached XP level 6. HP: 31/55 MP: 5/5
  2761 | D:4      | HP: 1/55 [poisoned by a gnoll]
  2761 | D:4      | Slain by a gnoll

Illustrated notes

Levels and vault maps discovered:
D:1:      dpeg_arrival_round_a, layout_loops_corners, roderic_serpentine_path,
          nicolae_grassy_gnolls
D:2:      layout_basic, serial_shops, shop, nicolae_book_shop_shelving,
          shapermc_ecumenical_altar_rom_forum, minmay_heptomino_h4, uniq_sigmund
D:3:      layout_loops_cross, nicolae_uskayaw_murder_on_the_dancefloor
D:4:      layout_rooms, nicolae_wu_jian_wuxing_cycle, okawaru_gym_becter,
          kennysheep_generic_room_3, uniq_edmund

Skill      XL: |  1  2  3  4  5 |
---------------+----------------+-----
Fighting       | 4 |  4.9
Shields        | 4 |  4.8
Armour         | 4 5 |  5.1
Long Blades    | 4 |  4.7
Dodging        | |  0.3
Stealth        | |  0.2

Action                     |  1- 3 |  4- 6 || total
---------------------------+-------+-------++-------
  Melee: Long sword        |    52 |    80 ||   132
         Headbutt          |     6 |     5 ||    11
 Armour: Scale mail        |    17 |    43 ||    60
  Dodge: Dodged            |    20 |    45 ||    65
  Block: Buckler           |    15 |    19 ||    34
